 Dungeon Crawl Stone Soup version 0.29-a0-275-g389c0b56f3 (webtiles) character file.

Game seed: 15023840324845012604

14 vineage the Skirmisher (level 2, 0/20 HPs)
             Began as a Gargoyle Fighter on Mar 9, 2022.
             Killed by an exploding jackal (20 damage)
             ... ignited by their inner flame
             ... on level 1 of the Dungeon.
             The game lasted 00:00:37 (587 turns).

vineage the Skirmisher (Gargoyle Fighter)            Turns: 587, Time: 00:00:38

Health: 0/20       AC: 10    Str: 19    XL:     2   Next: 41%
Magic:  2/2        EV:  9    Int:  8    God:
Gold:   45         SH:  4    Dex:  9    Spells: 1/1 levels left

rFire   . . .      SeeInvis .   a - +0 flail
rCold   . . .      Faith    .   c - +0 buckler
rNeg    + . .      Spirit   .   b - +0 scale mail
rPois   ∞          Reflect  .   (no helmet)
rElec   +          Harm     .   (no cloak)
rCorr   .          Rampage  .   g - +0 pair of gloves
Will    .....                   (no boots)
Stlth   ..........              (no amulet)
HPRegen 0.06/turn               (no ring)
MPRegen 0.08/turn               (no ring)

@: no status effects
A: sickness immunity, AC +2, negative energy resistance 1, electricity
resistance, torment resistance 1, petrification resistance
a: no special abilities


You were on level 1 of the Dungeon.
You visited 1 branch of the dungeon, and saw 1 of its levels.

You collected 45 gold pieces.

Inventory:

Hand Weapons
 a - a +0 flail (weapon)
Armour
 b - a +0 scale mail (worn)
 c - a +0 buckler (worn)
 g - a +0 pair of gloves (worn)
Scrolls
 f - a scroll of immolation
 h - a scroll of amnesia {unknown}
 i - a scroll of identify {unknown}
Potions
 d - a potion of might
 e - 2 potions of flight {unknown}


   Skills:
 * Level 3.9 Fighting
 + Level 2.3 Maces & Flails
 - Level 3.2 Armour
 - Level 3.2 Shields


You had one spell level left.
You didn't know any spells.
Your spell library was empty.

Dungeon Overview and Level Annotations

Branches:
Dungeon (1/15)

Altars:

Annotations:
D:1 1 runed translucent door


Innate Abilities, Weirdness & Mutations

You are immune to sickness and miasma.
Your stone body is resilient. (AC +2)
You are immune to poison.
You resist negative energy. (rN+)
You are resistant to electric shocks. (rElec)
You are resistant to unholy torment.
You are immune to petrification.


Message History

No target in view!
No target in view!
No target in view!
Things that are here:
a +0 dagger; a +0 dagger
Found 6 atropa-tipped darts.
Found a stone staircase leading down.
Found a robe and 4 large rocks.
No target in view!
i - a scroll labelled HUSTOC JEFEO You see here 6 atropa-tipped darts.
f - 2 scrolls labelled NIKAEC DALY (gained 1)
A rat comes into view.
A rat is nearby!
The rat barely misses you.
You sock the rat!
You kill the rat!
No target in view!
No target in view!
No target in view!
No target in view!
No target in view!
No target in view!
No target in view!
No target in view!
No target in view!
A jackal comes into view.
The jackal barks!
You hear a bark!
As you read the scroll labelled NIKAEC DALY, it crumbles to dust.
The creatures around you are filled with an inner flame!
It was a scroll of immolation.
A jackal comes into view.
The jackal closely misses you. The jackal barely misses you.
You closely miss the jackal. The jackal barely misses you.
You sock the jackal!
The jackal explodes!
The fiery explosion engulfs the jackal!!
You kill the jackal!
The fiery explosion engulfs you!!
Ouch! That really hurt!
You die...

#.....# #.#### ###
#.....####.######..
#...............#..
#.....####.####.#..
#.....# #.........
####### ######.#.(
#...#
#.############
###..
#...§§@......# ##.
############.# #.
#.# #. #.#########.
#...........
############


There were no monsters in sight!

Vanquished Creatures
  2 ball pythons (D:1)
  A giant cockroach (D:1)
  4 goblins (D:1)
  A hobgoblin (D:1)
  2 jackals (D:1)
  A quokka (D:1)
  2 bats (D:1)
  A kobold (D:1)
  2 rats (D:1)
16 creatures vanquished.

Notes
Turn   | Place    | Note
-------+----------+-------------------------------------------
     0 | D:1      | vineage the Gargoyle Fighter began the quest for the Orb.
     0 | D:1      | Reached XP level 1. HP: 14/14 MP: 1/1
     1 | D:1      | Found a runed translucent door.
   244 | D:1      | Reached XP level 2. HP: 20/20 MP: 2/2
   587 | D:1      | Killed by an exploding jackal... ignited by their inner
                  | flame

Illustrated notes

Levels and vault maps discovered:
D:1:      dpeg_arrival_caged_fury, layout_loops_ring, minmay_misc_feat_five

Action                   || total
-------------------------++-------
Melee: Flail             ||    39
  Use: Scroll            ||     2
Armor: Scale mail        ||    20
Dodge: Dodged            ||    16
Block: Buckler           ||     7

Table legend: (Time is in decaauts)
 A = Elapsed time spent in this place.
 B = Non-inter-level travel time spent in this place.
 C = Inter-level travel time spent in this place.
 D = Time resting spent in this place.
 E = Time spent auto-exploring this place.
 F = Levels seen in this place.
 G = Mean time per level.
                   A        B        C        D        E       F      G
               +--------+--------+--------+--------+--------+-----+--------+
         Total |    599 |    596 |      3 |      0 |    488 |   1 |  599.0 |
       Dungeon |    599 |    596 |      3 |      0 |    488 |   1 |  599.0 |
               +--------+--------+--------+--------+--------+-----+--------+

Top non-repeatable levels by time:
     D:1: 599 daAuts
